cohdb
Replays
Latest Replays
All Replays
Popular Replays
Top Player Replays
Match Explorer
How It Works
Community
CoH3 Stats
Reddit
Sign in to upload your games and track your stats! →
Sign in with Steam
Match 47331458
Unlisted
Match 47331458
Overview
Messages
Build Orders
End
Construct Infanterie Kompanie
MG 42 Machine Gun Team
MG 42 Machine Gun Team
Grenadier Squad
Selects Breakthrough Battlegroup
Selects Assault Grenadiers
MG 42 Machine Gun Team
Grenadier Squad
Infanterie Officer Quarters
Medical Station
Construct Luftwaffe Kompanie
221 Scout Car
Selects Rapid Production
Construct Panzergrenadier Kompanie
Grenadier Squad
Support Elements
Nebelwerfer 42 Rocket Launcher Team
StuG III G Assault Gun
Nebelwerfer 42 Rocket Launcher Team
Construct Panzer Kompanie
Stoßtruppen Squad
Stoßtruppen Squad
Panzer IV Medium Tank
Selects Blitzkrieg
Panzer Officer Quarters
Selects Tiger Heavy Tank
Tiger Heavy Tank
Side Skirts
Pioneer Squad
yow_dman
Game-Go
Unsafe
Jack
srubert83
Ado123
Drink||Belzebuth
Papi micky
0
0
Comments
sign in to comment!
No comments posted yet!